 Dungeon Crawl Stone Soup version 0.30.1-1-g62c8e00024 (webtiles) character file.

Game seed: 6890931256794346687

2 monsoonserge the Conjurer (level 1, -1/10 (12) HPs)
             Began as a Gargoyle Reaver on July 16, 2023.
             Slain by a frilled lizard (2 damage)
             ... on level 1 of the Dungeon on July 17, 2023.
             The game lasted 00:00:54 (192 turns).

monsoonserge the Conjurer (Gargoyle Reaver)          Turns: 192, Time: 00:00:54

HP:   -1/10 (12)    AC:  5    Str: 15    XL:     1   Next: 40%
MP:   0/3           EV: 11    Int: 13    God:
Gold: 6             SH:  0    Dex:  8    Spells: 3/4 levels left

rFire   . . .        a - +0 mace
rCold   . . .        (no shield)
rNeg    + . .        b - +0 leather armour
rPois   ∞            (no helmet)
rElec   +            (no cloak)
rCorr   .            (no gloves)
SInv    .            (no boots)
Will    .....        (no amulet)
Stlth   +            (no ring)
HPRegen 0.21/turn    (no ring)
MPRegen 0.08/turn

%: no passive effects
@: very slightly contaminated, heavily drained
A: sickness immunity, AC +2, negative energy resistance 1, electricity
resistance, torment resistance 1, petrification resistance
a: no special abilities


You were on level 1 of the Dungeon.
You visited 1 branch of the dungeon, and saw 1 of its levels.

You collected 6 gold pieces.

Inventory:

Hand Weapons
 a - a +0 mace (weapon)
Armour
 b - a +0 leather armour (worn)
 e - a +0 ring mail
Scrolls
 c - a scroll of amnesia {unknown}
 d - a scroll of magic mapping {unknown}


   Skills:
 + Level 2.2 Fighting
 + Level 3.0 Maces & Flails
 + Level 1.5 Dodging
 - Level 2.0 Spellcasting
 + Level 3.4 Conjurations


You had 3 spell levels left.
You knew the following spells:

 Your Spells              Type           Power      Damage    Failure   Level
a - Kiss of Death         Conj/Necr      20%        2d7       16%         1

Your spell library contained the following spells:

 Spells                   Type           Power      Damage    Failure   Level
 Momentum Strike          Conj/Tloc      10%        3d8       24%         2
 Hailstorm                Conj/Ice       5%         3d4       43%         3


Dungeon Overview and Level Annotations

Branches:
Dungeon (1/15)

Altars:


Innate Abilities, Weirdness & Mutations

You are immune to sickness and miasma.
Your stone body is resilient. (AC +2)
You are immune to poison.
You resist negative energy. (rN+)
You are resistant to electric shocks. (rElec)
You are resistant to unholy torment.
You are immune to petrification.


Message History

Confirm with . or Enter, or press ? or * to list all spells.
Aiming: Kiss of Death (safe; 16% risk of failure)
Press: ? - help, Shift-Dir - straight line, f - quokka
Aim: a quokka (lightly wounded, 100% to hit)
The negative energy hits the quokka.
The quokka is drained!
You kill the quokka!
You feel drained. The jackal closely misses you.
The frilled lizard closely misses you.
Press: ? - help, v - describe, . - travel
Here: a jackal The floor.
Press: ? - help, v - describe, . - travel
Here: a frilled lizard The floor.
Press: ? - help, v - describe, . - travel
Here: a jackal The floor.
Press: ? - help, v - describe, . - travel
Here: a frilled lizard The floor.
Casting: Kiss of Death (safe; 16% risk of failure)
Confirm with . or Enter, or press ? or * to list all spells.
Aiming: Kiss of Death (safe; 16% risk of failure)
Press: ? - help, Shift-Dir - straight line, f - jackal
Aim: a jackal (100% to hit)
You miscast Kiss of Death.
You are very lightly contaminated with residual magic.
Nothing appears to happen.
The jackal bites you but does no damage.
The frilled lizard bites you.
* * * LOW HITPOINT WARNING * * *
The jackal barely misses you.
Casting: Kiss of Death (safe; 16% risk of failure)
Confirm with . or Enter, or press ? or * to list all spells.
Aiming: Kiss of Death (safe; 16% risk of failure)
Press: ? - help, Shift-Dir - straight line, f/p - jackal
Aim: a jackal (100% to hit)
You miscast Kiss of Death.
Nothing appears to happen.
The frilled lizard bites you.
You die...

... ......# ... #### ...
.....+.... ...#
.##.........#..( ...#
##.....##......# ...#
#..............###
...####......#.#........
.........#...#...l..#...
................@.......
...............h........
....................!...
.#.......#.......###....
.#.....>.........# ...
.#####...###.##### ..
........(.##.# .
..........##..
..........####h


You could see a jackal and a frilled lizard.

Vanquished Creatures
  A quokka (D:1)
  A ball python (D:1)
  A rat (D:1)
3 creatures vanquished.

Notes
Turn   | Place    | Note
-------+----------+-------------------------------------------
     0 | D:1      | monsoonserge the Gargoyle Reaver began the quest for the
                  | Orb.
     0 | D:1      | Reached XP level 1. HP: 12/12 MP: 3/3
   192 | D:1      | Slain by a frilled lizard

Illustrated notes

Levels and vault maps discovered:
D:1:      dpeg_arrival_tiny_k, layout_basic, serial_shops,
          nicolae_shop_getting_attention, minmay_rat_gold_closets

Action                     || total
---------------------------++-------
  Melee: Mace              ||    14
   Cast: Kiss of Death     ||     1
 Armour: Leather armour    ||    16
  Dodge: Dodged            ||    19
